 Dungeon Crawl Stone Soup version 0.30-a0-241-g1121274140 (webtiles) character file.

Game seed: 16626001364070823426

87 voltaire321 the Stinger (level 4, -6/28 HPs)
             Began as an Octopode Venom Mage on Oct 10, 2022.
             Mangled by Terence
             ... wielding a +1 vorpal hand axe
              (8 damage)
             ... on level 3 of the Dungeon.
             The game lasted 00:09:14 (2030 turns).

voltaire321 the Stinger (Octopode Venom Mage)       Turns: 2030, Time: 00:09:15

Health: -6/28      AC:  1    Str:  7    XL:     4   Next: 51%
Magic:  7/7        EV: 14    Int: 19    God:
Gold:   77         SH:  0    Dex: 18    Spells: 2/7 levels left

rFire   . . .      SeeInvis .    d - +0 dagger
rCold   . . .      Faith    .    (no shield)
rNeg    + . .      Spirit   .    (helmet restricted)
rPois   .          Reflect  .    o - amulet of magic regeneration
rElec   .          Harm     .    g - +6 ring of dexterity
rCorr   .          Rampage  .    i - ring of positive energy
Will    .....                    (no ring)
Stlth   ++++......               (no ring)
HPRegen 0.24/turn                (no ring)
MPRegen 0.50/turn                (no ring)
                                 (no ring)
                                 (no ring)

@: no status effects
A: almost no armour, amphibious, 8 rings, camouflage 1, gelatinous body 1,
(nimble swimmer 1), tentacles
a: no special abilities


You were on level 3 of the Dungeon.
You visited 1 branch of the dungeon, and saw 3 of its levels.

You collected 77 gold pieces.

Inventory:

Hand Weapons
 d - a +0 dagger (weapon)
Jewellery
 g - a +6 ring of dexterity (left tentacle)
 i - a ring of positive energy (right tentacle)
 o - an amulet of magic regeneration (around mantle)
Scrolls
 b - 2 scrolls of identify {unknown}
 f - a scroll of noise {unknown}
 l - 2 scrolls of immolation {unknown}
 n - a scroll of teleportation {unknown}
Potions
 a - a potion of magic
 c - 2 potions of resistance {unknown}
 e - a potion of heal wounds {unknown}
 h - 3 potions of degeneration {unknown}
 j - a potion of might {unknown}
 k - a potion of attraction {unknown}
 m - a potion of invisibility {unknown}
 p - a potion of brilliance {unknown}


   Skills:
 + Level 1.2 Fighting
 + Level 2.6 Dodging
 - Level 3.5 Stealth
 + Level 0.0 Unarmed Combat
 + Level 2.4 Spellcasting
 + Level 1.9 Transmutations
 + Level 4.2 Poison Magic


You had 2 spell levels left.
You knew the following spells:

 Your Spells              Type           Power      Damage    Failure   Level
a - Sting                 Tmut/Pois      52%        1d5       4%          1
b - Olgreb's Toxic Radia  Pois           18%        N/A       28%         4

Your spell library contained the following spells:

 Spells                   Type           Power      Damage    Failure   Level
 Beastly Appendage        Tmut           18%        N/A       8%          1
 Poisonous Vapours        Pois/Air       20%        N/A       11%         2
 Wereblood                Tmut           9%         N/A       11%         2
 Freeze                   Ice            8%         1d3       16%         1
 Slow                     Hex            8%         N/A       16%         1
 Spider Form              Tmut/Pois      13%        N/A       14%         3
 Mephitic Cloud           Conj/Pois/Air  7%         N/A       26%         3
 Confusing Touch          Hex            2%         N/A       43%         3
 Frozen Ramparts          Ice            4%         1d1       43%         3
 Hailstorm                Conj/Ice       2%         3d3       43%         3
 Vampiric Draining        Necr           2%         2d6       43%         3


Dungeon Overview and Level Annotations

Branches:
Dungeon (3/15)

Altars:
The Shining One

Shops:
D:1 =

Annotations:
D:3 Terence


Innate Abilities, Weirdness & Mutations

You cannot wear most types of armour.
You are amphibious.
You can wear up to eight rings at the same time.
Your skin changes colour to match your surroundings (Stealth+).
Your rubbery body absorbs attacks. (AC +1, EV +1)
((You are camouflaged when in or above water. (Stealth+)))
You have tentacles for arms and can constrict up to eight enemies at once.


Message History

Terence hits you with a +1 vorpal hand axe!
* * * LOW HITPOINT WARNING * * *
You release your grip on Terence.
Terence attacks as you move away! Terence closely misses you.
Okay, then.
You see here a worm corpse.
Terence attacks as you move away! Terence closely misses you.
Terence screams, "I want your blood!"
Terence looks more healthy.
Casting: Sting (safe; 4% risk of failure)
Confirm with . or Enter, or press ? or * to list all spells.
Aiming: Sting (safe; 4% risk of failure)
Press: ? - help, Shift-Dir - straight line, f/p - Terence
Aim: Terence, wielding a +1 vorpal hand axe and wearing a +0 scale mail (heavily wounded, 75% to hit)
The sting hits Terence but does no damage.
Terence is poisoned.
Terence is heavily wounded.
Terence closely misses you.
Casting: Sting (safe; 4% risk of failure)
Confirm with . or Enter, or press ? or * to list all spells.
Aiming: Sting (safe; 4% risk of failure)
Press: ? - help, Shift-Dir - straight line, f/p - Terence
Aim: Terence, wielding a +1 vorpal hand axe and wearing a +0 scale mail (heavily wounded, poisoned, 75% to hit)
The sting hits Terence.
Terence looks even sicker.
Terence is severely wounded.
Terence barely misses you.
Casting: Sting (safe; 4% risk of failure)
Confirm with . or Enter, or press ? or * to list all spells.
Aiming: Sting (safe; 4% risk of failure)
Press: ? - help, Shift-Dir - straight line, f/p - Terence
Aim: Terence, wielding a +1 vorpal hand axe and wearing a +0 scale mail (severely wounded, very poisoned, 75% to hit)
The sting hits Terence but does no damage.
Terence looks even sicker.
Terence is severely wounded.
Terence hits you with a +1 vorpal hand axe!
* * * LOW HITPOINT WARNING * * *
x2 Terence shouts, "DIE!!!"
Terence attacks as you move away!
Terence hits you with a +1 vorpal hand axe!
You die...

#.##.# #.# #.##.##
##.# #.##..# #..#
##.#...# #.##
##..#.#.# #.########
##.......#+#.........
#..#####............#
##.# #.###.######.#
#.# #@...<.# #.#
#@###..# #.#####.#
#.>.. #.......#
..#### ##.#.#### .##
#.#.# #. #.#.# #.
#.#.### #. #.#.†.#


You could see Terence (very poisoned).

Vanquished Creatures
  2 adders (D:2)
  A worm (D:3)
  4 dart slugs
  9 bats
  6 endoplasms
  4 hobgoblins (D:1)
  3 jackals (D:1)
  6 kobolds
  3 quokkas
  2 ball pythons (D:1)
  5 frilled lizards
  4 goblins
  9 rats
58 creatures vanquished.

Notes
Turn   | Place    | Note
-------+----------+-------------------------------------------
     0 | D:1      | voltaire321 the Octopode Venom Mage began the quest for the
                  | Orb.
     0 | D:1      | Reached XP level 1. HP: 11/11 MP: 3/3
   115 | D:1      | Reached XP level 2. HP: 12/17 MP: 3/5
   346 | D:1      | Found Lyruxkel's One-of-a-Kind Rings.
   461 | D:1      | Reached XP level 3. HP: 22/22 MP: 2/6
   573 | D:1      | Reached skill level 4 in Poison Magic
   896 | D:2      | Reached skill level 1 in Fighting
   974 | D:2      | Reached XP level 4. HP: 28/28 MP: 3/7
  1163 | D:2      | Learned a level 4 spell: Olgreb's Toxic Radiance
  1965 | D:3      | Found a glowing golden altar of the Shining One.
  2005 | D:3      | Noticed Terence
  2025 | D:3      | HP: 1/28 [Terence/+1 vorpal hand axe (2)]
  2030 | D:3      | Mangled by Terence

Illustrated notes

Levels and vault maps discovered:
D:1:      minmay_arrival_stone_box, layout_basic, st_stairs_9,
          nicolae_shop_unique_rings
D:2:      layout_basic
D:3:      layout_loops_ring, nemelex_diamond_rough_becter,
          mainiacjoe_overflow_surrounded_room, ebering_ghost_reflecting_pool,
          minmay_puff, uniq_ijyb, uniq_terence

Skill      XL: |  1  2  3 |
---------------+----------+-----
Stealth        | 3 |  3.5
Poison Magic   | 4 |  4.2
Fighting       | 1 |  1.2
Dodging        | |  2.6
Spellcasting   | |  2.4
Transmutations | |  1.9

Action                   |  1- 3 |  4- 6 || total
-------------------------+-------+-------++-------
Melee: Unarmed           |    20 |       ||    20
       Constrict         |    10 |     5 ||    15
       Tentacles         |     5 |     5 ||    10
       Dagger            |    20 |    18 ||    38
       Punch             |     1 |     1 ||     2
 Cast: Sting             |    49 |    20 ||    69
Armor: Skin              |    10 |     1 ||    11
Dodge: Dodged            |    25 |    12 ||    37

Table legend: (Time is in decaauts)
 A = Elapsed time spent in this place.
 B = Non-inter-level travel time spent in this place.
 C = Inter-level travel time spent in this place.
 D = Time resting spent in this place.
 E = Time spent auto-exploring this place.
 F = Levels seen in this place.
 G = Mean time per level.
                   A        B        C        D        E       F      G
               +--------+--------+--------+--------+--------+-----+--------+
         Total |   2028 |   2018 |     10 |    347 |   1233 |   3 |  676.0 |
       Dungeon |   2028 |   2018 |     10 |    347 |   1233 |   3 |  676.0 |
               +--------+--------+--------+--------+--------+-----+--------+

Top non-repeatable levels by time:
     D:2: 1097 daAuts
     D:1: 845 daAuts
     D:3: 84 daAuts
